 Dungeon Crawl Stone Soup version 0.21.0-24-g2553a33 (webtiles) character file.

98 taran the Grave Robber (level 4, -7/46 HPs)
             Began as an Ogre Necromancer on Jan 20, 2018.
             Hit by a stone thrown by an orc warrior (12 damage)
             ... on level 3 of the Dungeon.
             The game lasted 00:16:14 (2813 turns).

taran the Grave Robber (Ogre Necromancer)           Turns: 2813, Time: 00:16:15

Health: -7/46      AC:  3    Str: 12    XL:     4   Next: 71%
Magic:  4/7        EV: 10    Int: 17    God:
Gold:   121        SH:  0    Dex:  9    Spells: 3/8 levels left

rFire    . . .     SeeInvis .   t - +0 quarterstaff
rCold    . . .     Gourm    +   (shield currently unavailable)
rNeg     . . .     Faith    .   a - +0 robe
rPois    .         Spirit   .   (helmet restricted)
rElec    .         Reflect  .   (no cloak)
rCorr    .         Harm     .   (gloves unavailable)
MR       .....     Rnd*Tele +   (boots unavailable)
Stlth    +.........             p - amulet of the gourmand
HPRegen  0.15/turn              i - ring of teleportation (curse)
MPRegen  0.10/turn              (no ring)

@: no status effects
A: large, unfitting armour, tough skin 1
a: no special abilities


You were on level 3 of the Dungeon.
You were completely stuffed.

You visited 1 branch of the dungeon, and saw 3 of its levels.

You collected 121 gold pieces.

Inventory:

Hand Weapons
 t - a +0 quarterstaff (weapon)
Missiles
 g - 66 stones (quivered)
Armour
 a - a +0 robe (worn)
Jewellery
 i - a cursed ring of teleportation (left hand)
 p - an amulet of the gourmand (around neck)
Wands
 m - a wand of enslavement (12)
Scrolls
 e - a scroll of teleportation {unknown}
 f - 2 scrolls of enchant weapon {unknown}
 j - 2 scrolls of identify
 k - 2 scrolls of remove curse {unknown}
 n - a scroll of immolation {unknown}
 q - a scroll of amnesia {unknown}
Potions
 d - a potion of lignification {unknown}
 h - 2 potions of curing
 l - a potion of cancellation
 o - a potion of flight {unknown}
 r - 2 potions of degeneration {unknown}
 s - a potion of might {unknown}
Books
 b - a book of Necromancy

   Spells                             Type                      Level
   a - Pain                           Necromancy                   1
   b - Animate Skeleton               Necromancy                   1
   c - Vampiric Draining              Necromancy                   3
   d - Regeneration                   Charms/Necromancy            3
   e - Animate Dead                   Necromancy                   4
   f - Borgnjor's Vile Clutch         Necromancy/Earth             5
Comestibles
 c - 5 rations
 u - a chunk of flesh


   Skills:
 - Level 3.6 Fighting
 - Level 1.7 Dodging
 - Level 1.4 Stealth
 + Level 2.5 Spellcasting
 + Level 4.5 Necromancy


You had 3 spell levels left.
You knew the following spells:

 Your Spells              Type           Power        Failure   Level  Hunger
a - Pain                  Necr           ###.         2%          1    #......
b - Animate Skeleton      Necr           N/A          2%          1    #......
c - Regeneration          Chrm/Necr      #.........   22%         3    ###....


Dungeon Overview and Level Annotations

Branches:
Dungeon (3/15)

Altars:
Vehumet


Innate Abilities, Weirdness & Mutations

You are too large for most types of armour.
You have tough skin. (AC +1)


Message History

The orc warrior writhes in agony!
The orc warrior throws a stone.
The stone hits you!
You take 11 damage, and have 30/46 hp.
MASSIVE DAMAGE!!
You now have 5/7 mp.
Casting: Pain
Confirm with . or Enter, or press ? or * to list all spells.
Aiming: Pain
Press: ? - help, Shift-Dir - straight line, f/p - orc warrior
Aim: an orc warrior, wielding a dire flail and wearing a plate armour (lightly wounded, chance to defeat MR: 76%)
The orc warrior barely resists.
The orc warrior throws a stone.
The stone hits you!
* * * LOW HITPOINT WARNING * * *
You take 12 damage, and have 18/46 hp.
MASSIVE DAMAGE!!
You now have 4/7 mp.
The orc warrior throws a stone.
The stone completely misses you.
The orc warrior throws a stone.
The stone hits you!
* * * LOW HITPOINT WARNING * * *
There is a stone staircase leading up, spattered with blood here.
You see here a stone.
You take 13 damage, and have 5/46 hp.
MASSIVE DAMAGE!!
The orc warrior throws a stone.
The stone hits you!
You die...

###############
#.(o(..@.((....
##.#############
#####..###
##.##.....#
##>#...#.#.#
#.###......#
#..#...#.#.#
..............
#.
##.#.#.######..
...


You could see an orc warrior.

Vanquished Creatures
  A worker ant (D:2)
  3 adders
  3 worms
  3 orcs (D:3)
  4 bats
  2 goblins
  4 hobgoblins
  A quokka (D:2)
  4 kobolds (D:2)
  5 rats
30 creatures vanquished.

Vanquished Creatures (collateral kills)
  A worm (D:2)
  2 dart slugs
  5 goblins
  A bat (D:1)
9 creatures vanquished.

Grand Total: 39 creatures vanquished

Notes
Turn   | Place    | Note
-------+----------+-------------------------------------------
     0 | D:1      | taran the Ogre Necromancer began the quest for the Orb.
     0 | D:1      | Reached XP level 1. HP: 16/16 MP: 3/3
    45 | D:1      | Learned a level 1 spell: Animate Skeleton
   236 | D:1      | Reached skill level 1 in Fighting
   361 | D:1      | Reached XP level 2. HP: 27/27 MP: 5/5
   725 | D:2      | Reached skill level 4 in Necromancy
  1122 | D:2      | Reached XP level 3. HP: 29/35 MP: 4/6
  1375 | D:2      | Reached XP level 4. HP: 22/45 MP: 0/7
  2343 | D:3      | Found a radiant altar of Vehumet.
  2412 | D:3      | Noticed an orc warrior
  2633 | D:3      | Learned a level 3 spell: Regeneration
  2813 | D:3      | Hit by a stone thrown by an orc warrior

Skill      XL: |  1  2  3 |
---------------+----------+-----
Fighting       | 1 2 3 |  3.6
Necromancy     | 4 |  4.5
Dodging        | |  1.7
Stealth        | |  1.4
Spellcasting   | |  2.5

Action                   |  1- 3 |  4- 6 || total
-------------------------+-------+-------++-------
Melee: Mace              |    55 |    61 ||   116
       Quarterstaff      |       |    11 ||    11
Throw: Stone             |    67 |    31 ||    98
 Cast: Animate Skeleton  |     5 |    11 ||    16
       Pain              |    22 |    19 ||    41
       Regeneration      |       |     1 ||     1
  Use: Scroll            |     2 |       ||     2
 Stab: Distracted        |       |     1 ||     1
  Eat: Chunk             |     2 |    16 ||    18
Armor: Robe              |    20 |    18 ||    38
Dodge: Dodged            |    23 |    47 ||    70
